 Dungeon Crawl Stone Soup version 0.27.1-4-g1640c2035a (webtiles) character file.

Game seed: 16490421182561696251

53 Stomo444 the Cudgeller (level 3, 0/18 HPs)
             Began as a Vine Stalker Gladiator on Nov 17, 2021.
             Was a Follower of Kikubaaqudgha.
             Succumbed to a kobold's poison
             ... on level 2 of the Dungeon.
             The game lasted 00:03:17 (1273 turns).

Stomo444 the Cudgeller (Vine Stalker Gladiator)     Turns: 1273, Time: 00:03:18

Health: 0/18       AC:  9    Str: 17    XL:     3   Next: 87%
Magic:  4/4        EV: 10    Int: 14    God:    Kikubaaqudgha [*.....]
Gold:   69         SH:  0    Dex: 15    Spells: 1/2 levels left

rFire    . . .     SeeInvis .   a - +0 flail
rCold    . . .     Faith    .   (no shield)
rNeg     . . .     Spirit   +   l - +1 scale mail {rPois}
rPois    +         Reflect  .   c - +0 helmet
rElec    .         Harm     .   (no cloak)
rCorr    .         Rampage  .   f - +0 pair of gloves
Will     .....                  (no boots)
Stlth    ..........             k - amulet of magic regeneration
HPRegen  0.06/turn              n - +6 ring of intelligence
MPRegen  0.34/turn              (no ring)

@: lethally poisoned (0 -> -3)
A: fangs 2, magic shield, antimagic bite, no potion heal 2
a: Renounce Religion, Receive Corpses


You were on level 2 of the Dungeon.
You worshipped Kikubaaqudgha.
Kikubaaqudgha was aware of your devotion.
You visited 1 branch of the dungeon, and saw 2 of its levels.

You collected 69 gold pieces.

Inventory:

Hand Weapons
 a - a +0 flail (weapon)
Missiles
 d - 3 throwing nets (quivered)
Armour
 b - a +0 leather armour
 c - a +0 helmet (worn)
 f - a +0 pair of gloves (worn)
 i - a +0 ring mail
 l - a +1 scale mail of poison resistance (worn)
Jewellery
 k - an amulet of magic regeneration (around neck)
 n - a +6 ring of intelligence (left hand)
Wands
 m - a wand of iceblast (9)
Scrolls
 e - a scroll of immolation {unknown}
 g - 2 scrolls of teleportation {unknown}
Potions
 h - a potion of curing {unknown}
 j - a potion of haste {unknown}


   Skills:
 + Level 2.1 Fighting
 + Level 3.2 Maces & Flails
 - Level 1.8 Throwing
 + Level 0.8 Armour
 + Level 2.9 Dodging


You had one spell level left.
You knew the following spells:

 Your Spells              Type           Power      Damage    Failure   Level
a - Pain                  Necr           0%         1d4       71%         1

Your spell library contained the following spells:

 Spells                   Type           Power      Damage    Failure   Level
 Animate Skeleton         Necr           0%         N/A       71%         1
 Sublimation of Blood     Necr           0%         N/A       83%         2
 Vampiric Draining        Necr           0%         2d6       97%         3


Dungeon Overview and Level Annotations

Branches:
Dungeon (2/15)

Altars:
Kikubaaqudgha

Shops:
D:1 !


Innate Abilities, Weirdness & Mutations

You have extremely sharp teeth.
When hurt, damage is shared between your health and your magic reserves.
Your bite disrupts and absorbs the magic of your enemies.
Potions cannot restore your health.


Message History

You are poisoned.
A kobold comes into view. It is wielding a +2 dagger of venom.
An orc comes into view. It is wielding a +0 dagger.
You feel sick.
The kobold shouts!
The orc shouts!
You hit the kobold but do no damage.
You feel sick. The kobold misses you.
You hit the kobold.
You kill the kobold!
Kikubaaqudgha accepts your kill.
You feel sick.
The kobold throws a stone.
The stone barely misses you.
Found a long sword.
You feel sick.
A giant cockroach comes into view.
A kobold comes into view. It is wielding a +0 club.
You feel sick. The orc hits you but does no damage.
You hit the orc but do no damage. Your bite misses the orc.
You feel sick.
You are no longer poisoned.
The orc hits you but does no damage.
The kobold hits you with a +2 dagger of venom.
You are lethally poisoned!
You are too injured to fight recklessly!
You are too injured to fight recklessly!
You are too injured to fight recklessly!
You are too injured to fight recklessly!
You are too injured to fight recklessly!
You are too injured to fight recklessly!
There is a lethal amount of poison in your body!
There is a lethal amount of poison in your body!
There is a lethal amount of poison in your body!
Unknown command.
* * * LOW HITPOINT WARNING * * *
You feel very sick.
The kobold throws a stone.
The stone barely misses you.
* * * LOW HITPOINT WARNING * * *
You feel sick.
* * * LOW HITPOINT WARNING * * *
You feel sick.
* * * LOW HITPOINT WARNING * * *
You feel sick.
You die...
Kikubaaqudgha rasps: "You have failed me!
Welcome... death!"

#...#.# #.......÷.
#...#.###.........
########.##.............
.........#########......
.........# #......
.........###############
................#
................#
.......@........########
#######.........##......
# #o........##.....# ≈≈≈
##...######......#
≈≈≈≈≈###.)..# #.......##
...≈≈.......# #...)†###
.)..≈≈......# #.....#
≈≈..KB≈...### #.....####
..≈≈..≈...# #.....'...


You could see an orc.

Vanquished Creatures
  An adder (D:2)
  A worm (D:2)
  A dart slug (D:1)
  4 endoplasms (D:1)
  2 giant cockroaches
  3 goblins
  3 hobgoblins
  3 ball pythons
  7 bats (D:1)
  A frilled lizard (D:2)
  7 kobolds
  8 rats
41 creatures vanquished.

Notes
Turn   | Place    | Note
-------+----------+-------------------------------------------
     0 | D:1      | Stomo444 the Vine Stalker Gladiator began the quest for the
                  | Orb.
     0 | D:1      | Reached XP level 1. HP: 11/11 MP: 2/2
   155 | D:1      | Found Karihetite's Distillery.
   164 | D:1      | Reached XP level 2. HP: 15/15 MP: 3/3
   202 | D:1      | Reached skill level 3 in Maces & Flails
   380 | D:1      | Found a faded altar of an unknown god.
   391 | D:1      | Became a worshipper of Kikubaaqudgha
   391 | D:1      | Reached * piety under Kikubaaqudgha
   391 | D:1      | Received a gift from Kikubaaqudgha
   557 | D:1      | Reached XP level 3. HP: 18/18 MP: 4/4
   914 | D:1      | Learned a level 1 spell: Pain
  1273 | D:2      | Succumbed to a kobold's poison

Illustrated notes

Levels and vault maps discovered:
D:1:      scummos_arrival_simple_fountains, layout_basic, serial_shops, shop,
          ebering_ecumenical_altar_box
D:2:      cheibrodos_helix_gallery, layout_basic

Skill      XL: |  1  2 |
---------------+-------+-----
Maces & Flails | 3 |  3.2
Fighting       | 2 |  2.1
Throwing       | |  1.8
Armour         | |  0.8
Dodging        | |  2.9

Action                   || total
-------------------------++-------
Melee: Flail             ||    96
       Bite              ||    24
 Stab: Sleeping          ||     2
Armor: Leather armour    ||    30
       Scale mail        ||    19
Dodge: Dodged            ||    68
